[Event "Reykjavik Open 2025"]
[Site "Reykjavik"]
[Date "2025.04.13"]
[Round "7.38"]
[White "Song, Yuxin"]
[Black "Lohr, Matthias"]
[Result "1-0"]
[Annotator "ChessBase"]
[ECO "C88"]
[WhiteElo "2371"]
[BlackElo "2092"]
[PlyCount "119"]
[EventDate "2025.04.09"]
[EventType "swiss"]
[EventCountry "ISL"]
[SourceTitle "playchess.com"]
[Source "ChessBase"]
[SourceQuality "1"]
[TimeControl "40/5400+30:1800+30"]

1. e4 e5 2. Nf3 Nc6 3. Bb5 a6 4. Ba4 Nf6 5. O-O Be7 6. d3 b5 7. Bb3 O-O 8. a4 b4 9. Re1 d6 10. a5 Rb8 11. Nbd2 Re8 12. h3 Bf8 13. Nc4 h6 14. Ne3 Nd4 15. Nxd4 exd4 16. Nc4 d5 17. exd5 Rxe1+ 18. Qxe1 Bb7 19. Bf4 Qxd5 20. Qf1 Qc5 21. Re1 Bd5 22. Be5 Nd7 23. Bg3 Qc6 24. f3 Bxc4 25. Bxc4 Bd6 26. Qf2 Nf6 27. Be5 Bxe5 28. Rxe5 Qd6 29. f4 Kf8 30. g3 c5 31. Qf3 Qc7 32. Kf2 g6 33. b3 Nd7 34. Re2 Nf6 35. g4 Re8 36. Rxe8+ Nxe8 37. Qe4 Qxa5 38. Qe5 Qc7 39. Qh8+ Ke7 40. Qxh6 a5 41. Qg5+ Kf8 42. Kg3 Qd6 43. h4 Nf6 44. Kf3 Qc6+ 45. Kf2 Qd6 46. h5 Qe7 47. Kf1 gxh5 48. gxh5 Ng8 49. h6 Qxg5 50. fxg5 Ne7 51. Kf2 Nf5 52. Kf3 Ne3 53. Bb5 Nxc2 54. Ke4 Na3 55. Ba4 Nb1 56. Kf5 Nc3 57. Bc6 a4 58. Kf6 Kg8 59. h7+ Kh8 60. Kxf7 1-0

[Event "Reykjavik Open 2025"]
[Site "Reykjavik"]
[Date "2025.04.13"]
[Round "7.39"]
[White "Elier, Ali"]
[Black "Lohia, Sohum"]
[Result "1/2-1/2"]
[Annotator "ChessBase"]
[ECO "C58"]
[WhiteElo "2125"]
[BlackElo "2354"]
[PlyCount "56"]
[EventDate "2025.04.09"]
[EventType "swiss"]
[EventCountry "ISL"]
[SourceTitle "playchess.com"]
[Source "ChessBase"]
[SourceQuality "1"]
[TimeControl "40/5400+30:1800+30"]

1. e4 e5 2. Nf3 Nc6 3. Bc4 Nf6 4. Ng5 d5 5. exd5 Na5 6. Bb5+ Bd7 7. Qe2 Be7 8. Bxd7+ Qxd7 9. Qxe5 O-O 10. Qe2 Nxd5 11. Nh3 Qf5 12. Nc3 Nc6 13. Nxd5 Qxd5 14. O-O Bd6 15. d3 Nd4 16. Qd1 Rae8 17. Kh1 Ne2 18. Re1 Qe5 19. Bf4 Qxb2 20. Bxd6 cxd6 21. Rb1 Qxa2 22. Ra1 Qb2 23. Rb1 Qa2 24. Ra1 Qb2 25. Rb1 Qa2 26. Ra1 Qb2 27. Rb1 Qe5 28. Qd2 Qh5 1/2-1/2

[Event "Reykjavik Open 2025"]
[Site "Reykjavik"]
[Date "2025.04.13"]
[Round "7.40"]
[White "Kunz, Andre"]
[Black "Ruiz Buendia, Miguel"]
[Result "0-1"]
[Annotator "ChessBase"]
[ECO "B22"]
[WhiteElo "2115"]
[BlackElo "2353"]
[PlyCount "50"]
[EventDate "2025.04.09"]
[EventType "swiss"]
[EventCountry "ISL"]
[SourceTitle "playchess.com"]
[Source "ChessBase"]
[SourceQuality "1"]
[TimeControl "40/5400+30:1800+30"]

1. e4 c5 2. c3 Nf6 3. e5 Nd5 4. d4 cxd4 5. Nf3 Nc6 6. cxd4 d6 7. Bc4 Nb6 8. Bb5 dxe5 9. Nxe5 Bd7 10. Bxc6 Bxc6 11. Nxc6 bxc6 12. O-O g6 13. Qc2 Rc8 14. Rd1 Bg7 15. Be3 Nd5 16. Qe2 Qa5 17. Na3 O-O 18. Rac1 Nxe3 19. Qxe3 e6 20. Rd3 Rfd8 21. Rcd1 Rd7 22. Nc4 Qxa2 23. b3 Rcd8 24. h4 Rxd4 25. Rxd4 Bxd4 0-1

[Event "Reykjavik Open 2025"]
[Site "Reykjavik"]
[Date "2025.04.13"]
[Round "7.41"]
[White "Ravi Krishna G"]
[Black "Ragnarsson, Dagur"]
[Result "0-1"]
[Annotator "ChessBase"]
[ECO "D81"]
[WhiteElo "2100"]
[BlackElo "2352"]
[PlyCount "54"]
[EventDate "2025.04.09"]
[EventType "swiss"]
[EventCountry "ISL"]
[SourceTitle "playchess.com"]
[Source "ChessBase"]
[SourceQuality "1"]
[TimeControl "40/5400+30:1800+30"]

1. d4 Nf6 2. c4 g6 3. Nc3 d5 4. Qb3 dxc4 5. Qxc4 Be6 6. Qb5+ Bd7 7. Qb3 c5 8. d5 Qb6 9. Qxb6 axb6 10. e4 e6 11. Bf4 Na6 12. Be5 Be7 13. Bc4 O-O 14. dxe6 Bxe6 15. Bxe6 fxe6 16. Nf3 Nb4 17. Ke2 Nc6 18. Rhd1 b5 19. Nxb5 Nxe4 20. Nc7 Rac8 21. Nb5 Nxe5 22. Nxe5 Rxf2+ 23. Ke3 Rxb2 24. Kxe4 Re2+ 25. Kf3 Rxe5 26. Kf2 c4 27. Nc3 Bc5+ 0-1

[Event "Reykjavik Open 2025"]
[Site "Reykjavik"]
[Date "2025.04.13"]
[Round "7.42"]
[White "Migot, Tangi"]
[Black "Tessiore, Luca G"]
[Result "1-0"]
[Annotator "ChessBase"]
[ECO "C84"]
[WhiteElo "2347"]
[BlackElo "2087"]
[PlyCount "143"]
[EventDate "2025.04.09"]
[EventType "swiss"]
[EventCountry "ISL"]
[SourceTitle "playchess.com"]
[Source "ChessBase"]
[SourceQuality "1"]
[TimeControl "40/5400+30:1800+30"]

1. e4 e5 2. Nf3 Nc6 3. Bb5 a6 4. Ba4 Nf6 5. d3 b5 6. Bb3 Be7 7. O-O d6 8. Bd2 Bg4 9. h3 Bxf3 10. Qxf3 Nd4 11. Qd1 Nxb3 12. axb3 O-O 13. Nc3 d5 14. exd5 Nxd5 15. Re1 Nxc3 16. Bxc3 f6 17. Qg4 Qd5 18. Ra2 b4 19. Bd2 Bc5 20. Rea1 f5 21. Qc4 Qxc4 22. bxc4 b3 23. cxb3 Rfd8 24. b4 Rxd3 25. bxc5 Rxd2 26. b4 Rd4 27. b5 Rxc4 28. Rxa6 Rb8 29. Rc6 Rb7 30. Ra8+ Kf7 31. Rc8 Rxb5 32. R8xc7+ Kg8 33. Rc8+ Kf7 34. R8c7+ Kg8 35. Re6 h6 36. Rxe5 f4 37. Ree7 Rbxc5 38. Rxg7+ Kh8 39. Rh7+ Kg8 40. Rhg7+ Kh8 41. Rh7+ Kg8 42. Rxc5 Rxc5 43. Rxh6 Rc1+ 44. Kh2 Rc2 45. f3 Kg7 46. Re6 Rc8 47. h4 Rf8 48. Kh3 Kh7 49. Re5 Kh6 50. Kg4 Rf7 51. Rh5+ Kg6 52. Rg5+ Kh6 53. Kh3 Rf8 54. Kh2 Rf7 55. Kg1 Rf8 56. Kf2 Rf7 57. Ke2 Rd7 58. Rg4 Re7+ 59. Kd2 Rd7+ 60. Kc3 Kh5 61. Rxf4 Rg7 62. g4+ Kxh4 63. Kd3 Ra7 64. Rf5 Ra3+ 65. Ke4 Ra4+ 66. Ke5 Ra5+ 67. Kf6 Ra6+ 68. Kg7 Ra7+ 69. Kg6 Ra6+ 70. Rf6 Ra5 71. Kh6 Rb5 72. g5 1-0

[Event "Reykjavik Open 2025"]
[Site "Reykjavik"]
[Date "2025.04.13"]
[Round "7.43"]
[White "Mensing, Adrian"]
[Black "Haug, Havard"]
[Result "0-1"]
[Annotator "ChessBase"]
[ECO "E16"]
[WhiteElo "2078"]
[BlackElo "2339"]
[PlyCount "44"]
[EventDate "2025.04.09"]
[EventType "swiss"]
[EventCountry "ISL"]
[SourceTitle "playchess.com"]
[Source "ChessBase"]
[SourceQuality "1"]
[TimeControl "40/5400+30:1800+30"]

1. d4 Nf6 2. c4 e6 3. g3 d5 4. Bg2 Bb4+ 5. Nd2 O-O 6. Ngf3 b6 7. O-O Bb7 8. cxd5 exd5 9. a3 Bd6 10. b4 Nbd7 11. Bb2 Re8 12. Re1 Qe7 13. Nf1 Ne4 14. Rc1 Ndf6 15. Qd3 Ng4 16. Nh4 Ngxf2 17. Qf3 Bc8 18. Ne3 Nh3+ 19. Bxh3 Ng5 20. Bxc8 Nxf3+ 21. exf3 Raxc8 22. Nhf5 Qd7 0-1

[Event "Reykjavik Open 2025"]
[Site "Reykjavik"]
[Date "2025.04.13"]
[Round "7.44"]
[White "Muetsch, Annmarie"]
[Black "Adams, Henry"]
[Result "0-1"]
[Annotator "ChessBase"]
[ECO "C58"]
[WhiteElo "2329"]
[BlackElo "2077"]
[PlyCount "104"]
[EventDate "2025.04.09"]
[EventType "swiss"]
[EventCountry "ISL"]
[SourceTitle "playchess.com"]
[Source "ChessBase"]
[SourceQuality "1"]
[TimeControl "40/5400+30:1800+30"]

1. e4 e5 2. Nf3 Nc6 3. Bc4 Nf6 4. Ng5 d5 5. exd5 Na5 6. Bb5+ c6 7. dxc6 bxc6 8. Bd3 Nd5 9. h4 Qc7 10. Nc3 h6 11. Nf3 Nf4 12. Bf1 Bg4 13. d3 Ne6 14. Be2 Bd6 15. Ne4 Be7 16. c3 O-O 17. b4 Nb7 18. Qb3 a5 19. Qc4 axb4 20. cxb4 Rfd8 21. O-O Nd4 22. Nxd4 Rxd4 23. Qc2 Be6 24. b5 c5 25. Bb2 Rda4 26. f4 exf4 27. Qc3 Rd4 28. Qd2 Rb4 29. Bc3 Rba4 30. a3 f5 31. Nf2 Rxa3 32. Rxa3 Rxa3 33. Nh3 Bxh4 34. Nxf4 Bf7 35. Bxg7 Bg5 36. Bb2 Rb3 37. Ba1 Nd6 38. Be5 Qe7 39. Ba1 Nxb5 40. g3 Nd4 41. Bd1 Rb1 42. Bxd4 cxd4 43. Bf3 Rb3 44. Re1 Qd6 45. Ra1 Qb6 46. Qe2 Qc7 47. Bh5 Bxf4 48. gxf4 Rb6 49. Bxf7+ Qxf7 50. Ra8+ Kh7 51. Re8 Rb7 52. Qe5 Qg6+ 0-1